 Dungeon Crawl Stone Soup version 0.30.0-29-ga12c61a403 (webtiles) character file.

Game seed: 10982792008215086630

209676 SeekBible the Severer (level 18, -3/168 HPs)
             Began as a Minotaur Berserker on June 4, 2023.
             Was a High Priest of Trog.
             Slain by a boulder beetle (36 damage)
             ... led by a torpor snail
             ... on level 4 of the Spider Nest on June 5, 2023.
             The game lasted 01:12:01 (41970 turns).

SeekBible the Severer (Minotaur Berserker)         Turns: 41970, Time: 01:12:03

Health: -3/168     AC: 28    Str: 31    XL:     18   Next: 16%
Magic:  17/17      EV: 12    Int:  4    God:    Trog [*****.]
Gold:   1337       SH: 13    Dex: 11    Spells: 17/17 levels left

rFire   + . .        O - +10 broad axe "Tippajush" {flame, Fly rN+}
rCold   + . .        m - +0 kite shield
rNeg    + + .        S - +4 plate armour {Will+}
rPois   +            (helmet restricted)
rElec   .            L - +0 cloak of Caufoo {rCorr SInv}
rCorr   +            G - +0 pair of gloves
SInv    +            i - +1 pair of boots
Will    +++++        o - macabre finger necklace {Finger+ rN+} Stlth
                     w - ring of poison resistance
HPRegen 1.48/turn    M - ring of Elemet {rC+ Will++ Str+2}
MPRegen 0.15/turn    N - ring of protection from fire

%: no passive effects
@: strong-willed (expiring), on berserk cooldown, flying, regenerating
(expiring), slowed, very slow
A: horns 2, retaliatory headbutt
}: 1/15 runes: decaying
a: Renounce Religion, Berserk, Trog's Hand, Brothers in Arms


You were on level 4 of the Spider Nest.
You worshipped Trog.
Trog was extremely pleased with you.
You visited 5 branches of the dungeon, and saw 30 of its levels.
You also visited: Sewer.

You collected 3442 gold pieces.
You spent 2105 gold pieces at shops.

Inventory:

Hand Weapons
 O - the +10 broad axe "Tippajush" (weapon) {flame, Fly rN+}
   (Trog gifted it to you on level 12 of the Dungeon)

   rN:        It protects you from negative energy.
   Fly:       It grants you flight.
Missiles
 y - 7 curare-tipped darts (quivered)
 J - 2 throwing nets
Armour
 i - a +1 pair of boots (worn)
 m - a +0 kite shield (worn)
 G - a +0 pair of gloves (worn)
 L - the +0 cloak of Caufoo (worn) {rCorr SInv}
   (You found it on level 10 of the Dungeon)

   SInv:      It lets you see invisible.
   rCorr:     It protects you from acid and corrosion.
 S - a +4 plate armour of willpower (worn)
Jewellery
 o - the macabre finger necklace (around neck) {Finger+ rN+}
   (You took it off a minotaur on level 2 of the Orcish Mines)

   [amulet of nothing]

   Finger+:   It enables you to equip an extra ring.
   rN:        It protects you from negative energy.
 w - a ring of poison resistance (left hand)
 M - the ring of Elemet (right hand) {rC+ Will++ Str+2}
   (You bought it in a shop on level 11 of the Dungeon)

   [ring of protection from cold]

   Str:       It affects your strength (+2).
   rC:        It protects you from cold.
   Will:      It greatly increases your willpower.
 N - a ring of protection from fire (on amulet)
Wands
 k - a wand of digging (1)
 D - a wand of mindburst (14)
 E - a wand of charming (10)
 H - a wand of flame (54)
 P - a wand of quicksilver (11)
 W - a wand of roots (17)
 X - a wand of polymorph (8)
Scrolls
 h - 15 scrolls of enchant armour
 j - 8 scrolls of poison
 p - 13 scrolls of teleportation
 s - 5 scrolls of magic mapping
 t - a scroll of butterflies
 u - 7 scrolls of blinking
 v - 6 scrolls of fog
 x - 3 scrolls of identify
 A - 5 scrolls of amnesia
 C - 5 scrolls of fear
 K - 7 scrolls of enchant weapon
 R - 3 scrolls of immolation
 T - 2 scrolls of torment
 U - 4 scrolls of brand weapon
Potions
 a - 3 potions of haste
 b - 6 potions of degeneration
 c - 4 potions of invisibility
 e - 2 potions of ambrosia
 f - 6 potions of brilliance
 g - 17 potions of curing
 l - 6 potions of mutation
 n - 4 potions of berserk rage
 q - 8 potions of flight
 r - 7 potions of heal wounds
 z - 2 potions of lignification
 B - a potion of cancellation
 F - a potion of resistance
 I - a potion of magic
 Q - 3 potions of might
Miscellaneous
 Z - a condenser vane


   Skills:
 * Level 16.6 Fighting
 * Level 19.2(19.8) Axes
 - Level 8.1(14.8) Maces & Flails
 * Level 18.3 Armour
 * Level 12.5 Dodging
 + Level 7.0 Stealth
 * Level 16.9 Shields
 + Level 6.7 Evocations


You had 17 spell levels left.
You didn't know any spells.
Your spell library was empty.

Dungeon Overview and Level Annotations

Branches:
Dungeon (15/15)            Temple (0/1) D:5            Lair (5/5) D:9
  Swamp (4/4) Lair:3       Spider (4/4) Lair:2        Slime (0/5) Lair:5
    Orc (2/2) D:10            Elf (0/3) Orc:2        Vaults (0/5) D:13
 Depths (0/4) D:15          Sewer (visited)

Altars:
Cheibriados
Nemelex Xobeh
Okawaru
Qazlal
Sif Muna
Trog
Uskayaw
Wu Jian
Xom
Zin
Jiyva

Shops:
D:7 [   D:11 =   Orc:2 !?[*

Portals:
Trove: D:12 (give 16 scrolls of teleportation)

Annotations:
Spider:4 Asterion


Innate Abilities, Weirdness & Mutations

You have a pair of horns on your head.
You reflexively headbutt those who attack you in melee.


Message History

The Executioner hits you. The Executioner closely misses you.
The emperor scorpion stings you.
* * * LOW HITPOINT WARNING * * *
The emperor scorpion claws you but does no damage. x2
Okay, then.
Okay, then.
Blink to where?
Press: ? - help, Dir - move target A redback comes into view.
As you read the scroll of blinking, it crumbles to dust.
You feel the effects of Trog's Hand fading.
The Executioner evades a web.
The +3 spectral demon trident disappears.
Asterion says, "No maze can contain me."
Asterion is caught in a web!
The Executioner attacks as you move away!
You block the Executioner's attack. The Executioner hits you.
* * * LOW HITPOINT WARNING * * *
The Executioner hits you but does no damage.
You block the Executioner's attack.
The Executioner hits you but does no damage.
The Executioner barely misses you. The Executioner hits you.
* * * LOW HITPOINT WARNING * * *
The Executioner hits you but does no damage. x2
The Executioner hits you.
* * * LOW HITPOINT WARNING * * *
The Executioner barely misses you.
The Executioner hits you but does no damage.
The Executioner hits you!
* * * LOW HITPOINT WARNING * * *
The Executioner barely misses you.
The Executioner hits you but does no damage.
There is a stone staircase leading up, spattered with blood here.
You block the Executioner's attack. The Executioner misses you.
The Executioner hits you but does no damage. x4
You block the redback's attack.
The Executioner hits you but does no damage. x3
The redback bites you but does no damage.
The boulder beetle hits you!!!
You die...

##..^.....^.^#^....#†........
..........#.#.#....†#.....~#
#..#......^.#......††.....#
###.^.#..##.[.^#.#w.......##
:...........##...°........
.....##.......s°°^..#.....
..........^.○#..#.B....#
#..!..#1B...^..?°....
#..@#.#.#....°... #...#s#.#.
....^#.. #.......) .#
.^.....^ ##...#..... .#.....
.....##.... #... ...... ##.#
....... ..#....#


You could see an emperor scorpion, a boulder beetle (rolling), an Executioner
(summoned, fast), a torpor snail and a redback.

Vanquished Creatures
  the Lernaean hydra (Swamp:4)
  Bai Suzhen (Spider:3)
  Arachne (Spider:3)
  Mlioglotl (Spider:3)
  A tentacled monstrosity (Swamp:2)
  Frances (D:12)
  A fenstrider witch (Swamp:1)
  A fire giant (D:15)
  2 emperor scorpions
  An orc warlord (Orc:1)
  A broodmother (Spider:3)
  5 eleionomae
  The ghost of wingedge the Spear-Bearer, a journeyman HuWn of Hepliaklqana (Orc:2)
  A minotaur (Orc:2)
  6 bunyips
  3 spark wasps
  A fire dragon (Lair:5)
  6 entropy weavers
  A yaktaur captain (D:15)
  14 hydras
  A jorogumo (Spider:4)
  3 ogre magi
  2 ghost crabs
  2 radroaches (Spider:2)
  9 death yaks
  12 two-headed ogres
  5 centaur warriors
  4 tengu warriors
  5 boulder beetles
  7 alligators
  5 orc high priests (Orc:2)
  Nergalle (Lair:3)
  A skeletal warrior (D:13)
  2 pharaoh ants
  A skyshark (Lair:5)
  7 goliath frogs
  4 spriggan druids
  5 orb spiders
  A sun moth (Spider:2)
  10 swamp dragons
  A deep elf archer (D:13)
  A lindwurm (Lair:5)
  5 bog bodies
  10 steelbarb worms
  5 deep elf pyromancers
  2 deep elf zephyrmancers
  6 orc knights (Orc:2)
  4 manticores
  21 ugly things
  2 will-o-the-wisps
  16 wolf spiders
  3 orc sorcerers
  6 cyclopes
  17 elephants
  2 moths of wrath (Spider:3)
  6 black mambas
  2 molten gargoyles (Lair:5)
  2 torpor snails
  3 gargoyles
  4 centaur skeletons (D:13)
  3 kobold demonologists
  2 demonic crawlers
  8 cane toads
  An unseen horror (D:12)
  Maggie (D:6)
  A rime drake (Lair:2)
  9 komodo dragons
  6 yaktaurs
  3 meliai (Spider:2)
  3 tengu conjurers (D:14)
  7 polar bears
  Prince Ribbit (D:8)
  25 tarantellas
  13 hornets
  11 tyrant leeches
  8 trolls
  20 blink frogs
  9 slime creatures
  13 culicivoras
  17 spriggans
  18 jumping spiders
  4 wraiths
  6 wyverns
  A vampire (D:7)
  7 basilisks
  3 shadows
  44 yaks
  71 redbacks
  10 vampire mosquitoes
  Menkaure (D:6)
  20 swamp worms
  8 wargs
  2 acid dragons
  Edmund (D:6)
  7 water moccasins
  4 hell hounds (Lair:5)
  3 black bears
  35 orc warriors
  3 ice beasts (D:5)
  11 swamp drakes
  A sky beast (D:7)
  15 ogres
  33 wolves
  4 boggarts (D:15)
  13 centaurs
  3 phantoms
  5 kobold brigands
  12 bullfrogs
  4 scorpions
  2 gnoll sergeants
  10 wights
  13 killer bees
  2 electric eels
  9 howler monkeys
  4 lava snakes (Lair:5)
  21 orc priests
  A gnoll bouda (D:9)
  15 jellies
  4 hounds
  4 sleepcaps
  Jessica (D:3)
  3 iguanas
  12 orc wizards
  4 adders
  12 gnolls
  A river rat (D:4)
  A shadow imp (D:6)
  2 white imps
  A worm (D:5)
  3 dart slugs
  65 orcs
  11 ball pythons
  8 endoplasms
  17 giant cockroaches
  8 goblins
  10 hobgoblins
  4 jackals
  25 kobolds
  7 quokkas
  5 bats
  5 frilled lizards
  7 rats
  A spectral weapon (Spider:4)
1063 creatures vanquished.

Vanquished Creatures (collateral kills)
  A hydra (Swamp:4)
  2 swamp dragons (Swamp:4)
  An orc knight (Orc:2)
  An acid dragon (D:9)
  4 orc warriors (Orc:2)
  10 orc priests (Orc:2)
  5 orcs (Orc:2)
24 creatures vanquished.

Vanquished Creatures (others)
  Erolcha (Orc:2)
  2 bloated husks
  A hornet (Swamp:4)
  A spriggan (Swamp:4)
  4 foxfires (Swamp:3)
9 creatures vanquished.

Grand Total: 1096 creatures vanquished

Notes
Turn   | Place    | Note
-------+----------+-------------------------------------------
     0 | D:1      | SeekBible the Minotaur Berserker began the quest for the
                  | Orb.
     0 | D:1      | Reached XP level 1. HP: 19/19 MP: 0/0
    73 | D:1      | Reached skill level 4 in Axes
    73 | D:1      | Reached XP level 2. HP: 13/27 MP: 1/1
   379 | D:1      | Reached XP level 3. HP: 31/33 MP: 2/2
   500 | D:1      | Reached ** piety under Trog
  1035 | D:2      | Found a faded altar of an unknown god.
  1497 | D:3      | Noticed a scorpion
  1504 | D:3      | Killed a scorpion
  1505 | D:3      | Reached skill level 5 in Axes
  1505 | D:3      | Reached XP level 4. HP: 41/41 MP: 3/3
  2046 | D:3      | Noticed Jessica
  2050 | D:3      | Killed Jessica
  2051 | D:3      | Reached XP level 5. HP: 47/47 MP: 4/4
  2475 | D:3      | Found a sparkling altar of Nemelex Xobeh.
  2650 | D:4      | Reached skill level 6 in Axes
  2663 | D:4      | Found a glowing drain.
  2668 | Sewer    | Entered a sewer
  2727 | Sewer    | Reached *** piety under Trog
  2895 | Sewer    | Reached XP level 6. HP: 34/55 MP: 5/5
  2916 | Sewer    | Reached skill level 1 in Shields
  3563 | D:4      | Reached skill level 5 in Fighting
  4057 | D:5      | Entered Level 5 of the Dungeon
  4067 | D:5      | Reached XP level 7. HP: 60/61 MP: 6/6
  4086 | D:5      | Reached skill level 7 in Axes
  4173 | D:5      | Reached skill level 5 in Armour
  4521 | D:5      | Reached skill level 1 in Stealth
  4526 | D:5      | Reached XP level 8. HP: 69/69 MP: 7/7
  4948 | D:5      | Reached skill level 8 in Axes
  5028 | D:5      | Found a staircase to the Ecumenical Temple.
  5147 | D:5      | Found a shimmering blue altar of Sif Muna.
  5424 | D:6      | Noticed Menkaure
  5427 | D:6      | Killed Menkaure
  5428 | D:6      | Reached skill level 9 in Axes
  5488 | D:6      | Noticed Edmund
  5497 | D:6      | Killed Edmund
  5498 | D:6      | Reached skill level 5 in Shields
  5636 | D:6      | Reached XP level 9. HP: 77/77 MP: 8/8
  5636 | D:6      | Found a stormy altar of Qazlal.
  5654 | D:6      | Noticed Maggie
  5659 | D:6      | Killed Maggie
  5660 | D:6      | Reached skill level 10 in Axes
  5819 | D:6      | Found an iron altar of Okawaru.
  6232 | D:7      | Found Gycofu's Armour Boutique.
  6408 | D:7      | Found a glowing silver altar of Zin.
  6469 | D:7      | Reached skill level 11 in Axes
  6469 | D:7      | Reached **** piety under Trog
  6662 | D:7      | Reached XP level 10. HP: 24/86 MP: 9/9
  7910 | D:8      | Noticed Prince Ribbit
  7936 | D:8      | Killed Prince Ribbit
  7937 | D:8      | Reached skill level 12 in Axes
  8608 | D:8      | Noticed a centaur warrior
  8623 | D:8      | Killed a centaur warrior
  8624 | D:8      | Reached skill level 10 in Armour
  8921 | D:9      | Noticed a two-headed ogre
  8931 | D:9      | Killed a two-headed ogre
  8933 | D:9      | Noticed a gargoyle
  8936 | D:9      | Killed a gargoyle
  9543 | D:9      | Reached XP level 11. HP: 59/94 MP: 10/10
  9570 | D:9      | Reached skill level 13 in Axes
  9779 | D:9      | Found a staircase to the Lair.
  9839 | D:9      | Found a hide-covered altar of Uskayaw.
  9889 | D:9      | Found a snail-covered altar of Cheibriados.
 10184 | D:9      | Reached ***** piety under Trog
 10777 | D:10     | Entered Level 10 of the Dungeon
 10845 | D:10     | Found a large runed translucent door.
 10846 | D:10     | Found a large runed translucent door.
 11178 | D:10     | Found a bloodstained altar of Trog.
 11432 | D:10     | Reached skill level 14 in Axes
 11676 | D:10     | Found a staircase to the Orcish Mines.
 11764 | D:10     | Identified the +0 cloak of Caufoo {rCorr SInv}
 12059 | D:10     | Found an ornate altar of the Wu Jian Council.
 12071 | D:10     | Found a shimmering altar of Xom.
 12483 | D:11     | Noticed a boulder beetle
 12494 | D:11     | Killed a boulder beetle
 12770 | D:11     | Reached XP level 12. HP: 105/105 MP: 11/11
 12868 | D:11     | Found Jatwiaj's Jewellery Shoppe.
 12871 | D:11     | Noticed a two-headed ogre
 12881 | D:11     | Killed a two-headed ogre
 12882 | D:11     | Reached skill level 10 in Shields
 12957 | D:11     | Bought the ring of Elemet {rC+ Will++ Str+2} for 602 gold
                  | pieces
 13229 | Lair:1   | Entered Level 1 of the Lair of Beasts
 13255 | Lair:1   | HP: 3/159 [yak (11)]
 13256 | Lair:1   | Reached skill level 10 in Fighting
 13260 | Lair:1   | HP: 2/159 [poisoned by a black mamba]
 13866 | Lair:1   | Identified the +6 whip of Mayhem {freeze, rF++ rC- rN+
                  | Dex+2}
 13881 | Lair:1   | Reached skill level 15 in Axes
 14100 | Lair:1   | You fall into a shaft and drop 1 floor!
 14660 | D:11     | Bought a ring of poison resistance for 240 gold pieces
 14837 | Lair:2   | Found a hole to the Spider Nest.
 14844 | Lair:2   | Reached skill level 1 in Maces & Flails
 14938 | Lair:2   | Noticed a five-headed hydra
 14945 | Lair:2   | Killed a five-headed hydra
 15760 | Lair:3   | Found a staircase to the Swamp.
 15760 | Lair:3   | Noticed Nergalle
 15776 | Lair:3   | Killed Nergalle
 15777 | Lair:3   | Reached skill level 5 in Maces & Flails
 16258 | Lair:3   | Reached XP level 13. HP: 110/114 MP: 12/12
 17602 | Lair:4   | Received a gift from Trog
 18290 | Lair:5   | Entered Level 5 of the Lair of Beasts
 18819 | Lair:5   | Reached skill level 5 in Dodging
 18825 | Lair:5   | Reached skill level 1 in Evocations
 19471 | Lair:5   | Found a staircase to the Slime Pits.
 19471 | Lair:5   | Found a viscous altar of Jiyva.
 19488 | Lair:5   | Reached XP level 14. HP: 115/126 MP: 13/13
 19650 | Lair:5   | Received a gift from Trog
 20372 | Lair:5   | Reached skill level 15 in Armour
 20489 | Lair:5   | Found a large runed translucent door.
 20489 | Lair:5   | Found a large runed translucent door.
 20592 | Lair:5   | Reached skill level 16 in Axes
 21654 | D:12     | Found a portal to a secret trove of treasure.
 21892 | D:12     | Identified the +10 broad axe "Tippajush" {flame, Fly rN+}
                  | (Trog gifted it to you on level 12 of the Dungeon)
 21892 | D:12     | Received a gift from Trog
 22183 | Orc:1    | Entered Level 1 of the Orcish Mines
 22194 | Orc:1    | Noticed an orc warlord
 22452 | Orc:1    | Killed an orc warlord
 22823 | Orc:2    | Entered Level 2 of the Orcish Mines
 22940 | Orc:2    | Found a runed translucent gate.
 22940 | Orc:2    | Found a runed translucent gate.
 22940 | Orc:2    | Found a runed translucent gate.
 23194 | Orc:2    | Noticed wingedge's ghost (journeyman HuWn)
 23489 | Orc:2    | Found a staircase to the Elven Halls.
 23527 | Orc:2    | Noticed Erolcha
 23574 | Orc:2    | Received a gift from Trog
 23594 | Orc:2    | Killed Erolcha
 24992 | Orc:2    | Found Feef's General Store.
 24992 | Orc:2    | Found Erphorown's Armour Boutique.
 24993 | Orc:2    | Found Com Emiri's Magic Scroll Shop.
 24993 | Orc:2    | Found Habbosha's Distillery.
 25000 | Orc:2    | Bought a wand of charming (5) for 168 gold pieces
 25000 | Orc:2    | Bought a scroll of enchant armour for 105 gold pieces
 25000 | Orc:2    | Bought a wand of quicksilver (4) for 235 gold pieces
 25001 | Orc:2    | Bought a scroll of blinking for 75 gold pieces
 25001 | Orc:2    | Bought a scroll of magic mapping for 75 gold pieces
 25001 | Orc:2    | Bought a scroll of enchant armour for 75 gold pieces
 25001 | Orc:2    | Bought a scroll of poison for 40 gold pieces
 25005 | Orc:2    | Bought 3 scrolls of identify for 60 gold pieces
 25005 | Orc:2    | Bought a scroll of identify for 20 gold pieces
 25005 | Orc:2    | Bought a scroll of identify for 20 gold pieces
 25016 | Orc:2    | Bought a potion of heal wounds for 75 gold pieces
 25016 | Orc:2    | Bought a potion of mutation for 120 gold pieces
 25016 | Orc:2    | Bought a potion of curing for 45 gold pieces
 25016 | Orc:2    | Bought a potion of haste for 150 gold pieces
 25106 | Orc:2    | Reached XP level 15. HP: 136/136 MP: 14/14
 25121 | Orc:2    | Killed wingedge's ghost
 25574 | D:13     | Noticed Frances
 26140 | D:12     | Killed Frances
 26415 | D:13     | Received a gift from Trog
 26612 | D:13     | Found a gate to the Vaults.
 27226 | D:14     | Reached skill level 17 in Axes
 28215 | D:15     | Entered Level 15 of the Dungeon
 28544 | D:15     | Found a staircase to the Depths.
 28544 | D:15     | Noticed a fire giant
 28714 | D:15     | Killed a fire giant
 28724 | D:15     | Reached skill level 5 in Stealth
 29421 | D:15     | Reached XP level 16. HP: 145/147 MP: 15/15
 29989 | Swamp:1  | Entered Level 1 of the Swamp
 30265 | Swamp:1  | Reached skill level 10 in Dodging
 30284 | Swamp:1  | Reached skill level 15 in Shields
 30862 | Swamp:1  | Reached skill level 5 in Evocations
 32159 | Swamp:2  | Reached skill level 15 in Fighting
 32342 | Swamp:2  | Received a gift from Trog
 32946 | Swamp:2  | Noticed a tentacled monstrosity
 33058 | Swamp:2  | Killed a tentacled monstrosity
 33147 | Swamp:2  | Identified the +7 rapier of Causality {drain, Int+4 Dex+2}
 33575 | Swamp:3  | Reached skill level 18 in Axes
 34735 | Swamp:4  | Entered Level 4 of the Swamp
 35310 | Swamp:4  | Noticed the 27-headed Lernaean hydra
 35347 | Swamp:4  | Killed the 26-headed Lernaean hydra
 35348 | Swamp:4  | Reached XP level 17. HP: 156/156 MP: 16/16
 35895 | Swamp:4  | Got a decaying rune of Zot
 36413 | Spider:1 | Entered Level 1 of the Spider Nest
 37658 | Spider:2 | Received a gift from Trog
 39791 | Spider:3 | Identified the +1 long sword of Piuder {antimagic, Drain
                  | rF+ Int+5}
 39945 | Spider:3 | Noticed Arachne
 39979 | Spider:3 | Killed Arachne
 39980 | Spider:3 | Reached skill level 19 in Axes
 40259 | Spider:3 | Noticed Mlioglotl
 40267 | Spider:3 | Killed Mlioglotl
 40690 | Spider:3 | Noticed Bai Suzhen
 40702 | Spider:3 | Killed Bai Suzhen
 40818 | Spider:3 | Identified the +1 quarterstaff "Rapp" {pain, Drain Fly
                  | Dex+7}
 41212 | Spider:3 | Reached XP level 18. HP: 164/168 MP: 17/17
 41525 | Spider:4 | Entered Level 4 of the Spider Nest
 41653 | Spider:4 | Received a gift from Trog
 41950 | Spider:4 | Noticed Asterion
 41970 | Spider:4 | Slain by a boulder beetle

Illustrated notes

Levels and vault maps discovered:
D:1:      roderic_crop_circles_arrival_small, layout_basic
D:2:      layout_basic, shapermc_ecumenical_altar_hornbeckon
D:3:      kennysheep_six_static_rooms, layout_basic,
          nemelex_xobeh_ov_fountains_minmay, uniq_jessica
D:4:      layout_cave_pools, gup_sewer_entry_bowl
D:5:      layout_cave_pools, lemuel_blue_sif_altar, minmay_temple_entry_tees
D:6:      layout_loops_ring, kennysheep_mini_moat,
          nicolae_qazlal_scattered_showers, hex_large, amcnicky_mini_pool_small,
          st_stairs_8, reono_crystal_passage, uniq_maggie, uniq_menkaure,
          uniq_edmund
D:7:      layout_basic, mainiacjoe_overflow_small_starburst, serial_shops, shop,
          minmay_manual_moon
D:8:      layout_basic, minmay_microvault, uniq_prince_ribbit1
D:9:      minmay_imperfect_grid, layout_basic, eat_drink_and_be_merry_uskayaw,
          mainiacjoe_overflow_alcove_4, erik_lair_orcish_takeover
D:10:     layout_basic, trog_antimagical, jmf_multi_god_temple2,
          minmay_orc_entry_guard_dogs
D:11:     layout_rooms, serial_shops, shop
D:12:     layout_roguey, nicolae_trove_entry_crossroad
D:13:     layout_irregular_city, hangedman_vaults_entry_quadrant_bands,
          uniq_frances
D:14:     layout_stronghold, chequers_mini_garden
D:15:     grunt_enter_depths_giant_problem, layout_basic, hangedman_glass_teeth
Lair:1:   layout_misc_corridors
Lair:2:   layout_cave_pods, spider_nest_entry_rubble, serial_rivers,
          chequers_serial_rivers_room_a, chequers_serial_rivers_micro_c,
          chequers_serial_rivers_micro_c, chequers_serial_rivers_micro_b,
          serial_bayou_ford_a, nicolae_quartered_pool_impasse,
          columned_hall_lemuel, serial_bayou_pond_b
Lair:3:   layout_roguey, skrybe_swamp_entry_bodies, st_stairs_4,
          grunt_forest_large_clearing_hut, uniq_nergalle
Lair:4:   layout_roguey, chequers_serial_rivers_small_3,
          cheibrodos_lair_lostbears, infiniplex_staircase_pool_2
Lair:5:   cheibrodos_lair_end_hotspot, layout_hall_layers,
          minmay_slime_entry_jelly_boxes
Swamp:1:  layout_basic_swamp, nicolae_swamp_dense_foliage, swamp_pool3,
          lightli_tree_ring
Swamp:2:  cheibrodos_swamp_monstrosity, layout_falls_marsh,
          evilmike_swamp_ruin_wall
Swamp:3:  layout_basic_swamp, nicolae_swamp_well_well_well
Swamp:4:  swamp_old_school, layout_basic_swamp
Spider:1: layout_cave_pods
Spider:2: layout_spider_delve, nicolae_spider_bug_shape
Spider:3: layout_chambers, uniq_arachne, uniq_mlioglotl, uniq_bai_suzhen
Spider:4: grunt_spider_rune_circles, uniq_asterion
Orc:1:    layout_caves
Orc:2:    st_orc_pillars, layout_diamond_mine, maelrawn_ghost_gauntlet_escape,
          uniq_erolcha

Skill      XL: |  1  2  3  4  5  6  7  8  9 10 11 12 13 14 15 16 17 18 |
---------------+-------------------------------------------------------+-----
Fighting       | 4 5 6 7 8 9 10 12 13 14 15 16 | 16.6
Axes           | 4 5 6 7 9 11 12 14 15 16 17 18 19 | 19.2
Armour         | 3 4 5 7 8 10 12 13 14 15 16 17 18 | 18.3
Dodging        | 3 4 6 8 9 11 12 | 12.5
Shields        | 2 3 5 6 8 9 11 12 13 14 15 16 | 16.9
Stealth        | 1 2 4 5 6 7 |  7.0
Maces & Flails | 6 8 |  8.1
Evocations     | 1 3 4 5 6 |  6.7

Action                     |  1- 3 |  4- 6 |  7- 9 | 10-12 | 13-15 | 16-18 || total
---------------------------+-------+-------+-------+-------+-------+-------++-------
  Melee: Hand axe          |    88 |   183 |    73 |       |       |       ||   344
         Headbutt          |    10 |    26 |    46 |   167 |   246 |   189 ||   684
         War axe           |       |       |   213 |   470 |       |       ||   683
         Whip              |       |       |       |   239 |   188 |       ||   427
         Broad axe         |       |       |       |       |   856 |   925 ||  1781
 Invoke: Berserk           |     1 |       |     3 |     9 |     8 |     8 ||    29
         Brothers in Arms  |       |       |       |     1 |     1 |     1 ||     3
         Trog's Hand       |       |       |       |     2 |     6 |     4 ||    12
  Evoke: Wand              |       |       |       |       |     5 |     6 ||    11
    Use: Scroll            |     1 |     7 |     3 |     8 |     9 |     5 ||    33
         Potion            |       |       |       |       |     1 |     3 ||     4
   Stab: Sleeping          |     1 |       |       |       |       |       ||     1
         Distracted        |       |       |       |       |       |     1 ||     1
         Confused          |       |       |       |       |       |     2 ||     2
 Armour: Animal skin       |     4 |       |       |       |       |       ||     4
         Ring mail         |     8 |       |       |       |       |       ||     8
         Plate armour      |     5 |   122 |   158 |   314 |   477 |   565 ||  1641
         Scale mail        |     4 |       |       |       |       |       ||     4
  Dodge: Dodged            |    57 |    37 |    79 |   199 |   359 |   373 ||  1104
  Block: Kite shield       |       |    57 |   112 |   335 |   562 |   569 ||  1635
